 Dungeon Sprint DCSS version 0.20.1-1-g8b1a95d (console) character file.

54 hilaritas the Grappler (level 9, 0/141 HPs)
             Began as a Troll Fighter on Nov 30, 2017.
             Was a Believer of Uskayaw.
             Slain by a jumping spider (6 damage)
             ... summoned by a deep elf mage
             ... in the Dungeon (Sprint VI: "Thunderdome").
             The game lasted 00:05:38 (356 turns).

hilaritas the Grappler (Troll Fighter)               Turns: 356, Time: 00:05:39

Health: 0/141      AC:  5    Str: 32    XL:     9   Next: 10%
Magic:  19/23      EV:  5    Int:  6    God:    Uskayaw [**....]
Gold:   40         SH:  0    Dex:  9    Spells: 8/8 levels left

rFire    . . .     SeeInvis .     - Unarmed
rCold    . . .     Gourm    +   c - +0 shield
rNeg     + + .     Faith    .   b - +0 robe
rPois    +         Spirit   .   (helmet restricted)
rElec    .         Reflect  .   (no cloak)
rCorr    .         Harm     .   (gloves unavailable)
MR       +....     NoTele   +   (boots unavailable)
Stlth    ..........             q - amulet "Budilok" {Gourm rPois MR+ MP+9}
Regen    0.8/turn               e - ring of Roasitie {+Fly rN++}
MPRegen  0.2/turn               (no ring)

@: confused, berserking, held, very quick
A: unfitting armour, claws 3, fast metabolism 3, gourmand, regeneration 1,
shaggy fur 1, tough skin 2
a: Stomp, Line Pass, Renounce Religion, Evoke Flight


You were in the Dungeon.
You worshipped Uskayaw.
Uskayaw was aware of your devotion.
You were very full.

You visited 1 branch You collected 280 gold pieces.
You spent 240 gold pieces at shops.

Inventory:

Hand Weapons
 a - a +0 flail
Armour
 b - a +0 robe (worn)
 c - a +0 shield (worn)
Jewellery
 e - the ring of Roasitie (left claw) {+Fly rN++}
   (You bought it in a shop in the Dungeon)

   [ring of flight]

   It greatly protects you from negative energy.
   It lets you fly.
 q - the amulet "Budilok" (around neck) {Gourm rPois MR+ MP+9}
   (You bought it in a shop in the Dungeon)

   [amulet of the gourmand]

   It allows you to eat raw meat even when not hungry.
   It protects you from poison.
   It affects your resistance to hostile enchantments.
   It affects your magic capacity (+9).
Wands
 m - a wand of acid (5/15)
 n - a wand of iceblast (5/15)
Scrolls
 k - 4 scrolls of blinking
 o - 3 scrolls of fog
 p - a scroll of identify
Potions
 d - a potion of might
 g - a potion of heal wounds
 h - 4 potions of haste
 i - 3 potions of magic
 l - 2 potions of resistance
Comestibles
 f - 2 bread rations


   Skills:
 * Level 7.7 Fighting
 - Level 1.7 Maces & Flails
 * Level 3.2 Armour
 - Level 2.4 Dodging
 + Level 9.9 Shields
 - Level 10.9 Unarmed Combat
 * Level 8.8 Invocations


You had 8 spell levels left.
You didn't know any spells.

Dungeon Overview and Level Annotations

Branches:
Dungeon (1/1)

Altars:
Cheibriados
Dithmenos
Fedhas
Gozag
Kikubaaqudgha
Makhleb
Okawaru
Qazlal
Ru
Sif Muna
Trog
Uskayaw
Vehumet
Xom
Yredelemnul
Zin
The Shining One
Beogh
Jiyva
Lugonu

Shops:
D *[%??*?*:[((!!!!


Innate Abilities, Weirdness & Mutations

You are too large for most types of armour.
You have claws for hands.
Your metabolism is lightning-fast.
You like to eat raw meat.
Your natural rate of healing is unusually fast.
You are covered in fur. (AC +1)
You have very tough skin. (AC +2)


Message History

The deep elf mage gestures wildly while chanting.
The deep elf mage blinks!
You can now pass through a line of other dancers.
A red film seems to cover your vision as you go berserk!
You feel yourself moving faster!
You feel mighty!
You are covered in liquid flames!
The hell rat bites you but does no damage.
The hell rat closely misses you. The jumping spider pounces on you!
* * * LOW HITPOINT WARNING * * *
You are caught in a web!
The jumping spider bites you but does no damage.
The deep elf mage hits you with a short sword.
* * * LOW HITPOINT WARNING * * *
The chaos spawn gores you but does no damage.
You struggle to detach yourself from the web.
You feel a strong urge to attack something.
The hell rat bites you.
* * * LOW HITPOINT WARNING * * *
The hell rat barely misses you. The jumping spider pounces on you.
You die...

##⌠⌠⌠## #.....# ##.e...##
##∩.....∩## #∩.......∩#
#_......._# #_......._#
#_......._# ###.........###
#§....4rr....⌠#
######.8..4e@s...8.######
##∩___.e...§###).....__.∩##
###∩........8.# #.8........∩###
##.............###.............#
#⌠..........###...###..........⌠#
#⌠..........# #.<.# #..........⌠#
#⌠..........###[..###..........⌠#
##...........).###.............##
###∩........8.# #.8÷.......∩###
##∩___......###......___∩##
######.8.........8.######


You could see a hellwing, 2 deep elf magi, a chaos spawn, a jumping spider and 2
hell rats.

Vanquished Creatures
  4 deep elf magi (D)
  Eustachio (D)
  3 necrophages (D)
  A phantom (D)
  2 crimson imps (D)
  An iron imp (D)
  A white imp (D)
  An ufetubus (D)
  An adder zombie (D)
15 creatures vanquished.

Notes
Turn   | Place    | Note
-------+----------+-------------------------------------------
     0 | D        | hilaritas the Troll Fighter began the quest for the Orb.
     0 | D        | Reached XP level 1. HP: 22/22 MP: 0/0
     2 | D        | Found a burning altar of Makhleb.
     2 | D        | Found a hide-covered altar of Uskayaw.
     3 | D        | Found a shadowy altar of Dithmenos.
     3 | D        | Found a viscous altar of Jiyva.
     4 | D        | Found a corrupted altar of Lugonu.
     5 | D        | Found Bankan's Distillery.
     5 | D        | Found a stormy altar of Qazlal.
     5 | D        | Found a blossoming altar of Fedhas.
     5 | D        | Found a sacrificial altar of Ru.
     5 | D        | Found Gion Fouc's Do-It-Yourself Clinic.
     6 | D        | Found Jecwes's Distillery.
     6 | D        | Found Nuenk's Staff Store.
     6 | D        | Found Norchas's Bottled Wisdom.
     6 | D        | Round 1.
    13 | D        | Found Pomisol's Must-Have Magic.
    14 | D        | Found Baoskann's Magic Scroll Shop.
    16 | D        | Became a worshipper of Uskayaw the Reveler
    20 | D        | Found Sommatie's Magic Scroll Shop.
    20 | D        | Found a glowing golden altar of the Shining One.
    20 | D        | Found a shimmering altar of Xom.
    20 | D        | Found a glowing silver altar of Zin.
    29 | D        | Found a bloodstained altar of Trog.
    29 | D        | Noticed a necrophage
    32 | D        | Found a snail-covered altar of Cheibriados.
    34 | D        | Reached * piety under Uskayaw
    40 | D        | Noticed a necrophage
    49 | D        | Reached ** piety under Uskayaw
    51 | D        | Killed a necrophage
    51 | D        | Reached skill level 3 in Unarmed Combat
    51 | D        | Reached XP level 2. HP: 22/32 MP: 0/3
    51 | D        | Reached XP level 3. HP: 26/39 MP: 0/4
    51 | D        | Reached XP level 4. HP: 32/48 MP: 0/5
    53 | D        | Reached *** piety under Uskayaw
    64 | D        | Killed a necrophage
    64 | D        | Reached skill level 5 in Fighting
    64 | D        | Reached skill level 5 in Shields
    64 | D        | Reached skill level 4 in Unarmed Combat
    64 | D        | Reached XP level 5. HP: 41/57 MP: 1/7
    66 | D        | Reached **** piety under Uskayaw
    73 | D        | Found an opulent altar of Gozag.
    73 | D        | Found Goberauvi's Bee Food.
    73 | D        | Found Cionikim's Jewellery.
    74 | D        | Found Oxuapn's Advanced Armour.
    79 | D        | Found Ufyemics's Identification Station.
    79 | D        | Found a basalt altar of Yredelemnul.
    79 | D        | Found a deep blue altar of Sif Muna.
    79 | D        | Found an iron altar of Okawaru.
    80 | D        | Bought a shimmering jade ring for 45 gold pieces
    87 | D        | Bought 3 scrolls of identify for 150 gold pieces
    90 | D        | Found a radiant altar of Vehumet.
    92 | D        | Found a roughly hewn altar of Beogh.
    92 | D        | Found Diremoam's Premium Goods.
    92 | D        | Found Fapsess's Miscellaneous Merchandise.
    93 | D        | Found Maenoc's Basic Armour.
    98 | D        | Found Oppek's Weapon Rack.
    98 | D        | Found an ancient bone altar of Kikubaaqudgha.
   108 | D        | Noticed a necrophage
   111 | D        | Noticed a phantom
   115 | D        | Killed a necrophage
   115 | D        | Reached skill level 5 in Unarmed Combat
   115 | D        | Reached skill level 5 in Invocations
   129 | D        | Killed a phantom
   129 | D        | Arena points: 12 (+12) [x2]
   129 | D        | Reached skill level 6 in Unarmed Combat
   129 | D        | Reached XP level 6. HP: 60/67 MP: 7/9
   140 | D        | Identified the ring of Roasitie {+Fly rN++} (You bought it in a shop in the Dungeon)
   176 | D        | Round 2.
   177 | D        | Noticed Eustachio
   194 | D        | Killed Eustachio
   194 | D        | Reached skill level 7 in Unarmed Combat
   197 | D        | Reached XP level 7. HP: 42/75 MP: 6/10
   226 | D        | Arena points: 54 (+42) [x3]
   226 | D        | Reached skill level 8 in Unarmed Combat
   240 | D        | Bought a twitching brass amulet for 45 gold pieces
   240 | D        | Identified the amulet "Budilok" {Gourm rPois MR+ MP+9} (You bought it in a shop in the Dungeon)
   256 | D        | Round 3.
   262 | D        | Noticed a deep elf mage
   262 | D        | Noticed a deep elf mage
   287 | D        | Killed a deep elf mage
   287 | D        | Reached skill level 9 in Unarmed Combat
   287 | D        | Reached XP level 8. HP: 43/84 MP: 12/12
   309 | D        | Noticed a deep elf mage
   313 | D        | Killed a deep elf mage
   313 | D        | Reached skill level 10 in Unarmed Combat
   315 | D        | Killed a deep elf mage
   336 | D        | Noticed a deep elf mage
   341 | D        | Noticed a deep elf mage
   345 | D        | Noticed a deep elf mage
   350 | D        | Noticed a jumping spider
   354 | D        | Noticed a hellwing
   354 | D        | Killed a deep elf mage
   354 | D        | Reached XP level 9. HP: 32/94 MP: 14/14
   356 | D        | HP: 6/141 [hell rat[a deep elf mage] (6)]
   356 | D        | Slain by a jumping spider

Skill      XL: |  1  2  3  4  5  6  7  8 |
---------------+-------------------------+-----
Fighting       | 4 5 6 7 |  7.7
Shields        | 4 5 6 7 8 9 |  9.9
Unarmed Combat | 3 4 6 7 9 10 | 10.9
Invocations    | 3 4 5 6 7 8 |  8.8
Armour         | 3 |  3.2
Maces & Flails | |  1.7
Dodging        | |  2.4

Action                   |  1- 3 |  4- 6 |  7- 9 || total
-------------------------+-------+-------+-------++-------
Melee: Unarmed           |    18 |    36 |    32 ||    86
Invok: Stomp             |       |     1 |     1 ||     2
  Use: Potion            |     1 |     1 |     3 ||     5
       Scroll            |       |     1 |     1 ||     2
 Stab: Paralysed         |       |     4 |     1 ||     5
  Eat: Chunk             |       |       |     8 ||     8
Armor: Robe              |     5 |    16 |    11 ||    32
Dodge: Dodged            |    10 |    23 |    13 ||    46
Block: Shield            |    13 |    20 |    14 ||    47
